 Dungeon Crawl Stone Soup version 0.30-a0-778-g2ef04afb54 (webtiles) character file.

Game seed: 2757808367513783375

44 sircluck the Trooper (level 3, 0/33 HPs)
             Began as a Hill Orc Fighter on Feb 16, 2023.
             Slain by a hobgoblin
             ... wielding a +0 dagger
             ... led by Robin
              (4 damage)
             ... on level 2 of the Dungeon.
             The game lasted 00:02:45 (1166 turns).

sircluck the Trooper (Hill Orc Fighter)             Turns: 1166, Time: 00:02:46

Health: 0/33       AC:  6    Str: 20    XL:     3   Next: 62%
Magic:  3/3        EV:  9    Int:  8    God:
Gold:   78         SH:  4    Dex: 10    Spells: 2/2 levels left

rFire   . . .      SeeInvis .    a - +0 war axe
rCold   . . .      Faith    .    c - +0 buckler
rNeg    . . .      Spirit   .    b - +0 scale mail
rPois   .          Reflect  .    (no helmet)
rElec   .          Harm     .    (no cloak)
rCorr   .          Rampage  .    (no gloves)
Will    .....                    (no boots) Stlth
                                 (no amulet)
HPRegen 0.25/turn                (no ring)
MPRegen 0.08/turn                (no ring)

@: mighty
A: no striking features
a: no special abilities


You were on level 2 of the Dungeon.
You visited 1 branch of the dungeon, and saw 2 of its levels.

You collected 78 gold pieces.

Inventory:

Hand Weapons
 a - a +0 war axe (weapon)
 i - a +1 sling of freezing
 l - a +0 dagger
Missiles
 f - 32 stones (quivered)
Armour
 b - a +0 scale mail (worn)
 c - a +0 buckler (worn)
Scrolls
 g - a scroll of silence {unknown}
 h - 2 scrolls of poison {unknown}
Potions
 d - a potion of might
 e - a potion of lignification {unknown}
 j - a potion of curing {unknown}
 k - a potion of magic {unknown}


   Skills:
 + Level 4.0 Fighting
 + Level 3.8 Axes
 + Level 3.6 Armour
 + Level 3.7 Shields


You had 2 spell levels left.
You didn't know any spells.
Your spell library contained the following spells:

 Spells                   Type           Power      Damage    Failure   Level
 Necrotise                Necr           0%         1d4       85%         1
 Cigotuvi's Dreadful Rot  Necr/Pois/Air  0%         N/A       94%         2
 Vampiric Draining        Necr           0%         2d6       99%         3
 Anguish                  Hex/Necr       0%         N/A       100%        4
 Dispel Undead            Necr           0%         3d6       100%        4
 Agony                    Necr           0%         N/A       100%        5
 Death Channel            Necr           0%         N/A       100%        6
 Enfeeble                 Hex            0%         N/A       100%        7


Dungeon Overview and Level Annotations

Branches:
Dungeon (2/15)

Altars:

Shops:
D:1 (


Message History

You feel very mighty all of a sudden.
The ball python hisses angrily.
You hear a shout! x2
The goblin hits you but does no damage. x2; The goblin closely misses you.
You closely miss the goblin. x2; You hit the goblin.
You kill the goblin!
A hobgoblin comes into view. It is wielding a +0 dagger.
The goblin closely misses you. Robin throws the goblin at you!
The goblin closely misses you.
A hobgoblin comes into view.
The goblin hits you but does no damage. x2
You completely miss Robin. You closely miss the goblin.
The hobgoblin shouts!
You slash the goblin!
You kill the goblin!
The goblin hits you with a +0 dagger.
* * * LOW HITPOINT WARNING * * *
Robin throws the goblin at you!
A goblin comes into view. It is wielding a +0 club.
You slice Robin!!
You kill Robin!
You slash the goblin!
You kill the goblin!
The goblin barely misses you.
A goblin comes into view. It is wielding a +0 club.
The goblin shouts!
You slash the goblin!
You kill the goblin!
You hear a shout!
You block the ball python's attack. The ball python grabs you.
The ball python constricts you.
You closely miss the ball python. The ball python barely misses you.
The ball python constricts you.
You slash the ball python!
You kill the ball python!
The hobgoblin no longer looks unusually strong.
A goblin comes into view. It is wielding a +0 dagger.
You block the hobgoblin's attack.
You barely miss the hobgoblin.
The hobgoblin hits you with a +0 dagger.
You die...

.................######..# #..
................# #.....##...#
..............).###.#####...##
####.##.####........# #...
#.##.# #####....# ..... #(.#.#
###...# .##.#. #...# .........
#... ######.######)##.####..
#..........#@)##.. ..
#..........#g##### .
#..........gg# #.......g...##
#.........g## ######.##.....
#..##g#### $..###.# .... ..#


You could see 2 hobgoblins and 3 goblins.

Vanquished Creatures
  Robin (D:2)
  2 ball pythons
  2 endoplasms (D:1)
  A giant cockroach (D:2)
  6 goblins
  4 hobgoblins
  3 jackals (D:1)
  3 quokkas
  2 frilled lizards
  5 kobolds
  A rat (D:1)
30 creatures vanquished.

Vanquished Creatures (others)
  3 plants (D:2)
3 creatures vanquished.

Grand Total: 33 creatures vanquished

Notes
Turn   | Place    | Note
-------+----------+-------------------------------------------
     0 | D:1      | sircluck the Hill Orc Fighter began the quest for the Orb.
     0 | D:1      | Reached XP level 1. HP: 19/19 MP: 1/1
   264 | D:1      | Found Pano's Antique Weapon Shop.
   295 | D:1      | Reached XP level 2. HP: 24/27 MP: 2/2
  1111 | D:2      | Reached skill level 4 in Fighting
  1111 | D:2      | Reached XP level 3. HP: 32/33 MP: 3/3
  1149 | D:2      | Noticed Robin
  1162 | D:2      | Killed Robin
  1166 | D:2      | Slain by a hobgoblin

Illustrated notes

Levels and vault maps discovered:
D:1:      lightli_arrival_statuegarden, layout_rooms, serial_shops,
          nicolae_lakefront_shop, serial_co_window_serial, co_window_paths_a,
          co_window_of_opportunity_a, co_window_paths_a, co_window_corner_a,
          co_window_of_opportunity_a, co_window_of_opportunity_a,
          co_window_paths_a, co_window_corner_a, co_window_of_opportunity_a,
          co_window_broadway_b, co_window_corner_cb, co_window_broadway_b,
          co_window_of_opportunity_c, co_window_corner_b, co_window_paths_e,
          glass_columns_a, glass_columns_b
D:2:      layout_rooms, shapermc_ecumenical_altar_rom_forum, uniq_robin

Skill      XL: |  1  2 |
---------------+-------+-----
Axes           | 3 |  3.8
Fighting       | 4 |  4.0
Armour         | |  3.6
Shields        | |  3.7

Action                     || total
---------------------------++-------
  Melee: War axe           ||    80
    Use: Potion            ||     1
 Armour: Scale mail        ||    34
  Dodge: Dodged            ||    43
  Block: Buckler           ||    21

Table legend: (Time is in decaauts)
 A = Elapsed time spent in this place.
 B = Non-inter-level travel time spent in this place.
 C = Inter-level travel time spent in this place.
 D = Time resting spent in this place.
 E = Time spent auto-exploring this place.
 F = Levels seen in this place.
 G = Mean time per level.
                   A        B        C        D        E       F      G
               +--------+--------+--------+--------+--------+-----+--------+
         Total |   1197 |   1106 |     91 |      0 |    812 |   2 |  598.5 |
       Dungeon |   1197 |   1106 |     91 |      0 |    812 |   2 |  598.5 |
               +--------+--------+--------+--------+--------+-----+--------+

Top non-repeatable levels by time:
     D:1: 1064 daAuts
     D:2: 133 daAuts
